ORI
UNIVERSITY OF MINNESOTA GOLDEN GOPHERS @ UNIVERSITY OF CONNETICUT HUSKIES
07/22/2047
 
TOP OF THE 1ST
University of Minnesota Golden Gophers batting - Pitching for University of Conneticut Huskies : RHP Sherwood Abernethy
Pitching: RHP Sherwood Abernethy
Batting: RHB Tatsuyoshi Ikeda 0-0: Bunt missed!
0-1: Ball
1-1: Ground out 6-3 (Groundball, 56, EV 86.2 MPH)
Batting: RHB Ned Scovell 0-0: Called Strike
0-1: Ball
1-1: Bunted foul
1-2: Ball
2-2: Ground out 6-3 (Groundball, 4M, EV 105.6 MPH)
Batting: RHB Ron Gooch 0-0: Ball
1-0: Called Strike
1-1: Ball
2-1: Called Strike
2-2: Strikes out looking
Top of the 1st over - 0 runs, 0 hits, 0 errors, 0 left on base; University of Minnesota 0 - University of Conneticut 0
BOTTOM OF THE 1ST
University of Conneticut Huskies batting - Pitching for University of Minnesota Golden Gophers : RHP Nick Gonzalez
Pitching: RHP Nick Gonzalez
Batting: RHB Kyle Finney 0-0: Ball
1-0: Foul Ball, location: 2F
1-1: Swinging Strike
1-2: Ball
2-2: Ground out 6-3 (Groundball, 6, EV 97.5 MPH)
Batting: LHB Greg James 0-0: Ball
1-0: Fly out, F9 (Line Drive, 9D, EV 92.5 MPH)
Batting: RHB Roku Kawano 0-0: Swinging Strike
0-1: TRIPLE (Groundball, 3L, EV 102.5 MPH)
Batting: LHB Hector Acosta 0-0: Ball
1-0: Foul Ball, location: 2F
1-1: Ball
2-1: Foul Ball, location: 2F
2-2: Foul Ball, location: 2F
2-2: Foul Ball, location: 2F
2-2: Ball
3-2: Strikes out looking
Bottom of the 1st over - 0 runs, 1 hit, 0 errors, 1 left on base; University of Minnesota 0 - University of Conneticut 0
TOP OF THE 2ND
University of Minnesota Golden Gophers batting - Pitching for University of Conneticut Huskies : RHP Sherwood Abernethy
Batting: RHB Ozzie Buendia 0-0: Called Strike
0-1: Ball
1-1: Ball
2-1: Foul Ball, location: 2F
2-2: Fly out, F8 (Flyball, 8LD, EV 89.4 MPH)
Batting: LHB Josh Rini 0-0: Ball
1-0: Foul Ball, location: 2F
1-1: Foul Ball, location: 2F
1-2: Ball
2-2: Ball
3-2: Foul Ball, location: 2F
3-2: SINGLE (Groundball, 34S, EV 66.9 MPH) (infield hit)
Batting: SHB Marty Kuehn 0-0: Ball
1-0: Swinging Strike
1-1: Ball
2-1: Called Strike
2-2: Ball
3-2: Strikes out swinging
Batting: SHB Chris Rodgers 0-0: Called Strike
0-1: Ball
1-1: Ground out U3 (Groundball, 3L, EV 83.1 MPH)
Top of the 2nd over - 0 runs, 1 hit, 0 errors, 1 left on base; University of Minnesota 0 - University of Conneticut 0
BOTTOM OF THE 2ND
University of Conneticut Huskies batting - Pitching for University of Minnesota Golden Gophers : RHP Nick Gonzalez
Batting: RHB Jordan Nicholas 0-0: Ball
1-0: Ball
2-0: Ground out 4-3 (Groundball, 4, EV 100.0 MPH)
Batting: RHB Charlie Slayback 0-0: Ball
1-0: Ball
2-0: Ball
3-0: Called Strike
3-1: Called Strike
3-2: Strikes out swinging
Batting: RHB Lee Wilbur 0-0: Fly out, F7 (Flyball, 7D, EV 103.1 MPH)
Bottom of the 2nd over - 0 runs, 0 hits, 0 errors, 0 left on base; University of Minnesota 0 - University of Conneticut 0
TOP OF THE 3RD
University of Minnesota Golden Gophers batting - Pitching for University of Conneticut Huskies : RHP Sherwood Abernethy
Batting: RHB Roy Evenden 0-0: Bunt for hit to 15S - play at first, batter OUT! 1-3
Batting: LHB Antonio Cordero 0-0: Ball
1-0: Called Strike
1-1: Called Strike
1-2: Ball
2-2: Foul Ball, location: 2F
2-2: Foul Ball, location: 2F
2-2: Ball
3-2: Base on Balls
Batting: RHB Tatsuyoshi Ikeda 0-0: Called Strike
0-1: Ball
1-1: Ball
2-1: Foul Ball, location: 2F
2-2: Strikes out looking
Batting: RHB Ned Scovell 0-0: Ball
1-0: Called Strike
1-1: Ball
2-1: Called Strike
2-2: Foul Ball, location: 2F
2-2: Fielders Choice at 2nd, 6-4 (Groundball, 56, EV 102.5 MPH)
Top of the 3rd over - 0 runs, 0 hits, 0 errors, 1 left on base; University of Minnesota 0 - University of Conneticut 0
BOTTOM OF THE 3RD
University of Conneticut Huskies batting - Pitching for University of Minnesota Golden Gophers : RHP Nick Gonzalez
Batting: LHB Omar Alba 0-0: Ball
1-0: Foul Ball, location: 2F
1-1: Fly out, F7 (Flyball, 78S, EV 88.1 MPH)
Batting: RHB Jack Vokey 0-0: Bunt for hit to 2R - play at first, batter safe!
Batting: RHB Kyle Finney 0-0: Ball
1-0: SINGLE (Groundball, 4MD, EV 97.5 MPH)
Jack Vokey to second
Batting: LHB Greg James 0-0: Ball
1-0: Called Strike
1-1: Called Strike
1-2: Strikes out swinging
Batting: RHB Roku Kawano 0-0: Fielders Choice at 2nd, 6-4 (Groundball, 6, EV 105.0 MPH)
Bottom of the 3rd over - 0 runs, 2 hits, 0 errors, 2 left on base; University of Minnesota 0 - University of Conneticut 0
TOP OF THE 4TH
University of Minnesota Golden Gophers batting - Pitching for University of Conneticut Huskies : RHP Sherwood Abernethy
Batting: RHB Ron Gooch 0-0: Called Strike
0-1: Fly out, F7 (Flyball, 7S, EV 83.8 MPH)
Batting: RHB Ozzie Buendia 0-0: Ball
1-0: Swinging Strike
1-1: Foul Ball, location: 2F
1-2: Foul Ball, location: 2F
1-2: Ball
2-2: DOUBLE (Line Drive, 9LS, EV 111.9 MPH)
Batting: LHB Josh Rini 0-0: Ball
1-0: Swinging Strike
1-1: Swinging Strike
1-2: Strikes out swinging
Batting: SHB Marty Kuehn 0-0: Ball
1-0: Ground out 6-3 (Groundball, 6S, EV 79.4 MPH)
Top of the 4th over - 0 runs, 1 hit, 0 errors, 1 left on base; University of Minnesota 0 - University of Conneticut 0
BOTTOM OF THE 4TH
University of Conneticut Huskies batting - Pitching for University of Minnesota Golden Gophers : RHP Nick Gonzalez
Batting: LHB Hector Acosta 0-0: Ball
1-0: DOUBLE (Groundball, 3L, EV 104.4 MPH)
Batting: RHB Jordan Nicholas 0-0: Swinging Strike
0-1: Ball
1-1: Swinging Strike
1-2: Ball
2-2: Ball
3-2: Foul Ball, location: 2F
3-2: Strikes out swinging
Batting: RHB Charlie Slayback 0-0: Ground out 5-3 (Groundball, 5, EV 104.4 MPH)
Batting: RHB Lee Wilbur 0-0: Called Strike
0-1: Ball
1-1: Foul Ball, location: 2F
1-2: Strikes out swinging
Bottom of the 4th over - 0 runs, 1 hit, 0 errors, 1 left on base; University of Minnesota 0 - University of Conneticut 0
TOP OF THE 5TH
University of Minnesota Golden Gophers batting - Pitching for University of Conneticut Huskies : RHP Sherwood Abernethy
Now at 2B: Cullen Elliott
Now in RF: Victor Nava
Batting: SHB Chris Rodgers 0-0: Ball
1-0: Called Strike
1-1: Swinging Strike
1-2: Ball
2-2: Ball
3-2: Strikes out swinging
Batting: RHB Roy Evenden 0-0: Foul Ball, location: 2F
0-1: Ball
1-1: Foul Ball, location: 2F
1-2: Strikes out swinging
Batting: LHB Antonio Cordero 0-0: Swinging Strike
0-1: Swinging Strike
0-2: Foul Ball, location: 2F
0-2: Ball
1-2: Strikes out swinging
Top of the 5th over - 0 runs, 0 hits, 0 errors, 0 left on base; University of Minnesota 0 - University of Conneticut 0
BOTTOM OF THE 5TH
University of Conneticut Huskies batting - Pitching for University of Minnesota Golden Gophers : RHP Nick Gonzalez
Now in RF: Ivan Villegas
Batting: LHB Omar Alba 0-0: Called Strike
0-1: Called Strike
0-2: Foul Ball, location: 2F
0-2: Strikes out swinging
Batting: RHB Jack Vokey 0-0: Called Strike
0-1: Called Strike
0-2: Strikes out looking
Batting: RHB Cullen Elliott 0-0: Foul Ball, location: 2F
0-1: Ball
1-1: Foul Ball, location: 2F
1-2: Strikes out looking
Bottom of the 5th over - 0 runs, 0 hits, 0 errors, 0 left on base; University of Minnesota 0 - University of Conneticut 0
TOP OF THE 6TH
University of Minnesota Golden Gophers batting - Pitching for University of Conneticut Huskies : RHP Sherwood Abernethy
Pitching: RHP Gilberto Herrero
Pinch Hitting: RHB Farakiko Haunani 0-0: DOUBLE (Line Drive, 7LD, EV 106.2 MPH)
Pinch Hitting: RHB Jarrod Strickhouser 0-0: Swinging Strike
0-1: Ball
1-1: Foul Ball, location: 2F
1-2: Ground out 6-3 (Groundball, 6, EV 86.2 MPH)
Pinch Hitting: LHB Alex Villa 0-0: Called Strike
0-1: Ground out 6-3 (Groundball, 6, EV 77.5 MPH)
Pinch Hitting: LHB Phil Bonner 0-0: Foul Ball, location: 2F
0-1: Ball
1-1: Ball
2-1: Called Strike
2-2: Ball
3-2: Fly out, F7 (Flyball, 7D, EV 97.5 MPH)
Top of the 6th over - 0 runs, 1 hit, 0 errors, 1 left on base; University of Minnesota 0 - University of Conneticut 0
BOTTOM OF THE 6TH
University of Conneticut Huskies batting - Pitching for University of Minnesota Golden Gophers : RHP Nick Gonzalez
Pitching: RHP Jason Jacobs
Now at 2B: Farakiko Haunani
Now at 3B: Phil Bonner
Now at SS: Jarrod Strickhouser
Now in LF: Dave Uttley
Batting: RHB Victor Nava 0-0: Ball
1-0: Ball
2-0: Foul Ball, location: 2F
2-1: Foul Ball, location: 2F
2-2: Strikes out swinging
Batting: RHB Roku Kawano 0-0: Swinging Strike
0-1: Ball
1-1: Ball
2-1: SINGLE (Groundball, 4D, EV 99.4 MPH)
Batting: LHB Andrew Barzee 0-0: Ball
1-0: Foul Ball, location: 2F
1-1: DOUBLE (Line Drive, 8LXD, EV 109.4 MPH)
Roku Kawano to third
Runner from 3rd tries for Home, SAFE, throw by CF to trailing runner, OUT at third! 8-3-5
Batting: RHB Jordan Nicholas 0-0: Called Strike
0-1: SINGLE (Line Drive, 7LS, EV 90.0 MPH)
Pinch Hitting: RHB Victor Ramos 0-0: Called Strike
Jordan Nicholas steals 2nd base
0-1: Foul Ball, location: 2F
0-2: Foul Ball, location: 2F
0-2: Ball
1-2: Fly out, F9 (Flyball, 9, EV 78.1 MPH)
Bottom of the 6th over - 1 run, 3 hits, 0 errors, 1 left on base; University of Minnesota 0 - University of Conneticut 1
TOP OF THE 7TH
University of Minnesota Golden Gophers batting - Pitching for University of Conneticut Huskies : RHP Gilberto Herrero
Pitching: RHP Tony de Anda
Now in LF: Victor Nava
Now in RF: Victor Ramos
Batting: LHB Dick Shafer 0-0: Ball
1-0: Ball
2-0: Ground out 3-1 (Groundball, 34, EV 88.1 MPH)
Batting: SHB Marty Kuehn 0-0: Called Strike
0-1: Foul Ball, location: 2F
0-2: Strikes out swinging
Batting: SHB Chris Rodgers 0-0: Ball
1-0: Foul Ball, location: 2F
1-1: Called Strike
1-2: Foul Ball, location: 2F
1-2: Foul Ball, location: 2F
1-2: Strikes out looking
Top of the 7th over - 0 runs, 0 hits, 0 errors, 0 left on base; University of Minnesota 0 - University of Conneticut 1
BOTTOM OF THE 7TH
University of Conneticut Huskies batting - Pitching for University of Minnesota Golden Gophers : RHP Jason Jacobs
Pinch Hitting: RHB Paul Pastrano 0-0: Foul Ball, location: 2F
0-1: Ground out 4-3 (Groundball, 4M, EV 79.4 MPH)
Batting: LHB Omar Alba 0-0: Called Strike
0-1: Ball
1-1: Foul Ball, location: 2F
1-2: Foul Ball, location: 2F
1-2: Ball
2-2: Strikes out swinging
Batting: RHB Jack Vokey 0-0: Called Strike
0-1: Foul Ball, location: 2F
0-2: Strikes out swinging
Bottom of the 7th over - 0 runs, 0 hits, 0 errors, 0 left on base; University of Minnesota 0 - University of Conneticut 1
TOP OF THE 8TH
University of Minnesota Golden Gophers batting - Pitching for University of Conneticut Huskies : RHP Tony de Anda
Pitching: RHP Jorge Estrada
Now at 1B: Miguel Perez
Batting: LHB Ivan Villegas 0-0: Called Strike
0-1: Ball
1-1: Swinging Strike
1-2: Strikes out swinging
Pinch Hitting: RHB Adler Cananis 0-0: Fly out, F7 (Flyball, 7, EV 82.5 MPH)
Batting: RHB Farakiko Haunani 0-0: Called Strike
0-1: Swinging Strike
0-2: Strikes out swinging
Top of the 8th over - 0 runs, 0 hits, 0 errors, 0 left on base; University of Minnesota 0 - University of Conneticut 1
BOTTOM OF THE 8TH
University of Conneticut Huskies batting - Pitching for University of Minnesota Golden Gophers : RHP Jason Jacobs
Pitching: RHP Jin Guan
Now at 1B: Adler Cananis
Batting: RHB Cullen Elliott 0-0: Foul Ball, location: 2F
0-1: Ball
1-1: Foul Ball, location: 2F
1-2: Foul Ball, location: 2F
1-2: Ball
2-2: Ground out 1-3 (Groundball, 13, EV 77.5 MPH)
Batting: RHB Victor Nava 0-0: Foul Ball, location: 2F
0-1: SINGLE (Groundball, 5L, EV 99.4 MPH) (infield hit)
Batting: RHB Roku Kawano 0-0: Ball
Victor Nava is caught stealing 2nd base 2-4
1-0: Ground out 5-3 (Groundball, 15, EV 85.0 MPH)
Bottom of the 8th over - 0 runs, 1 hit, 0 errors, 0 left on base; University of Minnesota 0 - University of Conneticut 1
TOP OF THE 9TH
University of Minnesota Golden Gophers batting - Pitching for University of Conneticut Huskies : RHP Jorge Estrada
Pitching: RHP Gabe Martinez
Pinch Hitting: LHB Jose Moncada 0-0: Foul Ball, location: 2F
0-1: Fly out, F8 (Flyball, 78M, EV 85.0 MPH)
Pinch Hitting: LHB Bobby Agterberg 0-0: Ball
1-0: Ball
2-0: Foul Ball, location: 2F
2-1: Foul Ball, location: 2F
2-2: Foul Ball, location: 2F
2-2: Fly out, F7 (Flyball, 7, EV 83.8 MPH)
Pinch Hitting: RHB Mike Satterfield 0-0: Called Strike
0-1: Foul Ball, location: 2F
0-2: Ground out 5-3 (Groundball, 5S, EV 66.2 MPH)
Top of the 9th over - 0 runs, 0 hits, 0 errors, 0 left on base; University of Minnesota 0 - University of Conneticut 1
Thursday, December 15th , 2022 - OOTP Baseball 23.9 Build 102